 Dungeon Sprint DCSS version 0.30-a0-1008-g30c9307041 (webtiles) character file.

Game seed: 989310289276500592

624 dialectric the Fighter (level 7, -12/65 HPs)
             Began as a Demonspawn Fighter on Mar 31, 2023.
             Engulfed by a death drake's foul pestilence (13 damage)
             ... in the Dungeon (Sprint II: "The Violet Keep of Menkaure") on Apr 6, 2023.
             The game lasted 00:01:27 (598 turns).

dialectric the Fighter (Demonspawn Fighter)          Turns: 598, Time: 00:01:28

Health: -12/65     AC:  8    Str: 17    XL:     7   Next: 22%
Magic:  7/7        EV: 13    Int:  9    God:
Gold:   729        SH:  0    Dex: 14    Spells: 6/6 levels left

rFire   . . .      SeeInvis .    a - +0 long sword
rCold   . . .      Faith    .    (no shield)
rNeg    . . .      Spirit   .    b - +0 scale mail
rPois   .          Reflect  .    (helmet restricted)
rElec   .          Rampage  .    (no cloak)
rCorr   .          NoTele   +    (no gloves)
Will    .....                    (no boots) Stlth
                                 (no amulet)
HPRegen 0.30/turn                (no ring)
MPRegen 0.10/turn                (no ring)

@: lethally poisoned (-12 -> -48), slowed, very slow
A: antennae 1, repulsion field 1, spiny 1
a: no special abilities


You were in the Dungeon.
You visited 1 branch You collected 729 gold pieces.

Inventory:

Hand Weapons
 a - a +0 long sword (weapon)
Armour
 b - a +0 scale mail (worn)
 c - a +0 buckler
Scrolls
 j - a scroll of blinking
Potions
 g - a potion of haste
 h - 2 potions of magic
 i - a potion of berserk rage


   Skills:
 + Level 9.8 Fighting
 + Level 7.3 Long Blades
 + Level 9.1 Armour
 - Level 3.0 Dodging
 - Level 2.6 Shields


You had 6 spell levels left.
You didn't know any spells.
Your spell library was empty.

Dungeon Overview and Level Annotations

Branches:
Dungeon (1/1)

Altars:
Cheibriados
Dithmenos
Fedhas
Gozag
Kikubaaqudgha
Makhleb
Nemelex Xobeh
Okawaru
Sif Muna
Trog
Uskayaw
Vehumet
Jiyva
Lugonu

Annotations:
D exclusion: orange crystal statue


Innate Abilities, Weirdness & Mutations

You have a pair of small antennae on your head.
You are surrounded by a mild repulsion field. (EV +2)
You are partially covered in sharp spines.


Message History

The death drake moves out of view.
A death drake comes into view.
A crystal guardian comes into view.
The death drake hisses angrily.
Really walk into a travel-excluded area?
You enter the shallow water.
Moving in this stuff is going to be slow.
Level annotation: exclusion: orange crystal statue Welcome back, dialectric the Demonspawn Fighter.
Press ? for a list of commands and other information.
The swamp drake breathes poison at you.
The noxious blast engulfs you but does no damage.
You are poisoned.
You are engulfed in noxious fumes.
You choke on the stench!
You are confused.
You feel sick.
The death drake is engulfed in a cloud of scalding steam.
You're too confused to move!
You are engulfed in noxious fumes.
You choke on the stench!
You are more confused.
You feel sick.
The crystal guardian fires a crystalline bolt at you.
The crystal bolt burns you!!
You feel sick.
You are no longer poisoned.
The crystal guardian fires a crystalline bolt at you.
The crystal bolt misses you.
You bump into the rock wall.
You're too confused to move!
You feel less confused. The death drake breathes miasma at you.
The foul vapour engulfs the crystal guardian.
The crystal guardian completely resists.
The death drake breathes miasma at you. The foul vapour engulfs you!!
You are poisoned.
You feel yourself slow down.
* * * LOW HITPOINT WARNING * * *
You are engulfed in dark miasma.
You are more poisoned.
You die...

§§≈≈≈§§## §§§§≈≈≈≈§##
≈§≈8§≈§≈§# ≈§§≈§≈≈≈ ≈≈§≈§
##~~#+++#+++## ... ##
#~~~..†..○○○○# .. .
#~~~~.##'##○○# { #. k
#~~~~##.#.##@#### +.##k
#~~~ #..#..#○○○○# ..k#
#~~#####.#####○○## #9.#
#~##.###'# .##9○# +..#{ #
#...##.##l#{#○k#{ #..#{{#
#.÷.<.+# +.☼####{.##.#
#...##.##l#{#.○k.###...##▓▓
##.###†# {##..k..§~~~~~~~~
####..#####§~§....~#+#####


You could see 2 death drakes, a crystal guardian and a swamp drake.

Vanquished Creatures
  2 water moccasins (D)
  4 necrophages (D)
  4 scorpions (D)
  3 worms (D)
13 creatures vanquished.

Vanquished Creatures (others)
  Menkaure (D)
1 creature vanquished.

Grand Total: 14 creatures vanquished

Notes
Turn   | Place    | Note
-------+----------+-------------------------------------------
     0 | D        | dialectric the Demonspawn Fighter began the quest for the
                  | Orb.
     0 | D        | Reached XP level 1. HP: 18/18 MP: 1/1
     8 | D        | Noticed a necrophage
     8 | D        | Noticed a necrophage
     8 | D        | Noticed a necrophage
     8 | D        | Noticed a necrophage
    14 | D        | Killed a necrophage
    15 | D        | Reached skill level 5 in Fighting
    15 | D        | Reached skill level 5 in Armour
    15 | D        | Gained mutation: You are surrounded by a mild repulsion
                  | field. (EV +2) [demonic ancestry]
    15 | D        | Reached XP level 2. HP: 23/28 MP: 2/2
    15 | D        | Gained mutation: You have a pair of small antennae on your
                  | head. [demonic ancestry]
    15 | D        | Reached XP level 3. HP: 27/34 MP: 3/3
    20 | D        | Killed a necrophage
    21 | D        | Reached XP level 4. HP: 35/41 MP: 4/4
    27 | D        | Killed a necrophage
    28 | D        | Reached XP level 5. HP: 36/48 MP: 5/5
    35 | D        | Reached skill level 5 in Long Blades
    46 | D        | Gained mutation: You are partially covered in sharp spines.
                  | [demonic ancestry]
    46 | D        | Reached XP level 6. HP: 39/56 MP: 6/6
    92 | D        | Killed Menkaure
   264 | D        | Noticed an orange crystal statue
   266 | D        | Noticed a water moccasin
   277 | D        | Killed a water moccasin
   278 | D        | Reached XP level 7. HP: 41/65 MP: 7/7
   295 | D        | Noticed a wyvern
   295 | D        | Noticed a wyvern
   435 | D        | Noticed a flying skull
   435 | D        | Noticed a flying skull
   435 | D        | Noticed a flying skull
   435 | D        | Noticed a flying skull
   435 | D        | Noticed a flying skull
   435 | D        | Noticed a flying skull
   436 | D        | Noticed a flying skull
   436 | D        | Noticed a flying skull
   436 | D        | Noticed a flying skull
   436 | D        | Noticed a flying skull
   436 | D        | Noticed a flying skull
   442 | D        | Noticed a flying skull
   452 | D        | Found a snail-covered altar of Cheibriados.
   453 | D        | Found a shadowy altar of Dithmenos.
   454 | D        | Found an ancient bone altar of Kikubaaqudgha.
   454 | D        | Found a viscous altar of Jiyva.
   455 | D        | Found a blossoming altar of Fedhas.
   455 | D        | Found a corrupted altar of Lugonu.
   455 | D        | Found a shimmering blue altar of Sif Muna.
   463 | D        | Found an opulent altar of Gozag.
   463 | D        | Found a burning altar of Makhleb.
   463 | D        | Found a bloodstained altar of Trog.
   464 | D        | Found a sparkling altar of Nemelex Xobeh.
   464 | D        | Found a hide-covered altar of Uskayaw.
   465 | D        | Found an iron altar of Okawaru.
   465 | D        | Found a radiant altar of Vehumet.
   581 | D        | Noticed a death drake
   582 | D        | Noticed a death drake
   582 | D        | Noticed a crystal guardian
   590 | D        | Upgraded the game from 0.30-a0-972-gf3ab3527aa to
                  | 0.30-a0-1008-g30c9307041
   597 | D        | HP: 1/65 [death drake/foul vapour (22)]
   598 | D        | Engulfed by a death drake's foul pestilence

Illustrated notes

Levels and vault maps discovered:
D:        the_violet_keep_of_menkaure [sprint2_stairs_cluster_1,
          sprint2_shoproom, sprint2_temple, sprint2_basic_supplies,
          sprint2_obstacle_1, sprint2_obstacle_7, sprint2_obstacle_4,
          sprint2_obstacle_6, sprint2_obstacle_3, sprint2_timed_cluster_1,
          sprint2_smallroom_cluster_1, sprint2_smallroom_final_cluster_1,
          sprint2_transparent_cluster_1, sprint2_second_timed_cluster_1,
          sprint2_sniper_area_1, sprint2_heavy_combat_area_1,
          sprint2_mutation_trap_area_1, sprint2_forest_area_1,
          sprint2_light_combat_area_1, sprint2_behind_water_1,
          sprint2_near_end_vault_1]

Skill      XL: |  1  2  3  4  5  6 |
---------------+-------------------+-----
Fighting       | 5 6 7 8 9 |  9.8
Long Blades    | 3 4 5 7 |  7.3
Armour         | 5 6 7 9 |  9.1
Dodging        | 2 3 |  3.0
Shields        | |  2.6

Action                     |  1- 3 |  4- 6 |  7- 9 || total
---------------------------+-------+-------+-------++-------
  Melee: Long sword        |    11 |    42 |    22 ||    75
         Punch             |     1 |     2 |       ||     3
    Use: Potion            |     1 |     2 |       ||     3
 Armour: Scale mail        |     7 |    11 |     2 ||    20
  Dodge: Dodged            |     4 |    23 |    11 ||    38

Table legend: (Time is in decaauts)
 A = Elapsed time spent in this place.
 B = Non-inter-level travel time spent in this place.
 C = Inter-level travel time spent in this place.
 D = Time resting spent in this place.
 E = Time spent auto-exploring this place.
 F = Levels seen in this place.
 G = Mean time per level.
                   A        B        C        D        E       F      G
               +--------+--------+--------+--------+--------+-----+--------+
         Total |    613 |    613 |      0 |    436 |      0 |   1 |  613.0 |
       Dungeon |    613 |    613 |      0 |    436 |      0 |   1 |  613.0 |
               +--------+--------+--------+--------+--------+-----+--------+

Top non-repeatable levels by time:
       D: 613 daAuts
